 Dungeon Crawl Stone Soup version 0.31-a0-844-gdc52ec4e09 (webtiles) character file.

Game seed: 8407548630692825633

4916 Joey1 the Severer (level 10, -2/126 HPs)
             Began as a Minotaur Berserker on Sept 28, 2023.
             Was an Elder of Trog.
             Slain by a vampire (3 damage)
             ... on level 9 of the Dungeon.
             The game lasted 00:12:34 (7325 turns).

Joey1 the Severer (Minotaur Berserker)              Turns: 7325, Time: 00:12:34

Health: -2/126     AC: 11    Str: 26    XL:     10   Next: 27%
Magic:  9/9        EV: 12    Int:  4    God:    Trog [****..]
Gold:   469        SH:  0    Dex: 16    Spells: 9/9 levels left

rFire   + . .        D - +0 war axe
rCold   . . .        (no shield)
rNeg    . . .        L - +2 scale mail {Will+}
rPois   .            (helmet restricted)
rElec   .            (no cloak)
rCorr   .            j - +0 pair of gloves
SInv    .            r - +0 pair of boots
Will    +....        C - amulet of the acrobat Stlth
                     s - ring of protection from fire
HPRegen 0.41/turn    e - +6 ring of dexterity
MPRegen 0.11/turn

%: acrobat
@: berserking, very quick
A: horns 2, retaliatory headbutt
a: Renounce Religion, Berserk, Trog's Hand, Brothers in Arms


You were on level 9 of the Dungeon.
You worshipped Trog.
Trog was greatly pleased with you.
You visited 2 branches of the dungeon, and saw 10 of its levels.

You collected 469 gold pieces.

Inventory:

Hand Weapons
 a - a +0 hand axe
 D - a +0 war axe (weapon)
 F - a +1 battleaxe of freezing
 H - a +0 mace of holy wrath
 K - a +4 hand axe
Missiles
 k - 21 poisoned darts
 v - 4 curare-tipped darts
Armour
 b - a +0 animal skin
 i - a +0 ring mail
 j - a +0 pair of gloves (worn)
 r - a +0 pair of boots (worn)
 t - a +0 chain mail
 L - a +2 scale mail of willpower (worn)
Jewellery
 e - a +6 ring of dexterity (right hand)
 h - a ring of ice
 p - a ring of magical power
 s - a ring of protection from fire (left hand)
 C - an amulet of the acrobat (around neck)
Wands
 y - a wand of mindburst (16)
 E - a wand of polymorph (14)
 O - a wand of iceblast (3)
Scrolls
 f - a scroll of poison {unknown}
 l - 3 scrolls of enchant weapon
 n - 4 scrolls of fear
 o - 2 scrolls of noise {unknown}
 q - a scroll of butterflies {unknown}
 w - 4 scrolls of enchant armour
 x - a scroll of silence {unknown}
 A - 3 scrolls of teleportation
 I - a scroll of revelation {unknown}
 M - a scroll of identify
 N - 2 scrolls of amnesia {unknown}
Potions
 c - 2 potions of brilliance
 d - 2 potions of attraction
 g - 4 potions of curing
 m - 2 potions of mutation
 u - a potion of cancellation
 z - a potion of resistance
 B - a potion of heal wounds
 G - a potion of lignification {unknown}
 J - a potion of berserk rage {unknown}


   Skills:
 + Level 6.5 Fighting
 - Level 16.0 Axes
 + Level 5.1 Armour
 - Level 5.0 Dodging


You had 9 spell levels left.
You didn't know any spells.
Your spell library was empty.

Dungeon Overview and Level Annotations

Branches:
Dungeon (9/15)             Temple (1/1) D:5             Orc (0/2) D:9
   Lair: D:8-11

Altars:
Ashenzari
Cheibriados
Dithmenos
Elyvilon
Fedhas
Gozag
Kikubaaqudgha
Makhleb
Nemelex Xobeh
Okawaru
Qazlal
Ru
Sif Muna
Uskayaw
Vehumet
Wu Jian
Xom
Yredelemnul
Zin
The Shining One

Shops:
D:8 !*


Innate Abilities, Weirdness & Mutations

You have a pair of horns on your head.
You reflexively headbutt those who attack you in melee.


Message History

Deactivating autopickup; reactivate with Ctrl-A.
No target in view!
No target in view!
You closely miss something. Your headbutt misses something.
Something hits you but does no damage. Something bites you.
Something draws strength from your injuries!
You hit something but do no damage. You miss something.
Your headbutt misses something. Something hits you. Something bites you!
Something draws strength from your injuries!
You hit something but do no damage. Something hits you but does no damage.
Something bites you but does no damage.
You slash something! You hit something but do no damage.
Something hits you but does no damage. Something bites you!
Something draws strength from your injuries!
You hit something but do no damage. Something hits you.
Something bites you but does no damage.
You hit something but do no damage. You barely miss something.
You punch something. Something hits you.
Something bites you but does no damage.
You barely miss something. Your headbutt misses something. Something hits you!
Something bites you but does no damage.
You slash something! Your headbutt misses something. Something hits you!
* * * LOW HITPOINT WARNING * * *
Something bites you.
* * * LOW HITPOINT WARNING * * *
Something draws strength from your injuries!
You slash something! You hit something. Something draws life force from you!!
* * * LOW HITPOINT WARNING * * *
A red film seems to cover your vision as you go berserk!
You feel yourself moving faster!
You feel mighty! Something hits you.
* * * LOW HITPOINT WARNING * * *
Something bites you.
* * * LOW HITPOINT WARNING * * *
Something draws strength from your injuries!
You completely miss something. Your headbutt misses something.
You barely miss something. You punch something. Something hits you.
You die...

....###...#.<......#
....# ###.#........#
....# #.'........#
##'## ###........#
...# ####'##### .###
#...# ## #####'###
######## #.......#
.......# #....@..#
.......# #....{..#
.......+ #.......+
.....>.# +.......#
.......# #.......#
.......# #.......#
.......# ######+##
.####### .)..###
####+#######


There were no monsters in sight!

Vanquished Creatures
  A two-headed ogre (D:8)
  A cyclops (D:8)
  6 yaks (D:7)
  2 water moccasins (D:8)
  4 orc warriors
  3 black bears
  2 ice beasts (D:6)
  A sky beast (D:7)
  2 ogres
  2 centaurs
  A phantom (D:7)
  Blork the orc (D:6)
  A kobold brigand (D:8)
  3 bullfrogs
  3 scorpions
  5 wights (D:8)
  3 howler monkeys (D:8)
  5 hounds
  A jelly (D:4)
  An orc priest (D:4)
  2 sleepcaps (D:6)
  3 iguanas
  6 orc wizards
  10 adders
  A shadow imp (D:5)
  A white imp (D:7)
  An ufetubus (D:4)
  A worm (D:2)
  2 dart slugs
  29 orcs
  3 ball pythons
  7 bats
  10 endoplasms
  A giant cockroach (D:3)
  9 goblins
  4 hobgoblins
  4 quokkas
  A frilled lizard (D:1)
  11 kobolds
  10 rats
164 creatures vanquished.

Notes
Turn   | Place    | Note
-------+----------+-------------------------------------------
     0 | D:1      | Joey1 the Minotaur Berserker began the quest for the Orb.
     0 | D:1      | Reached XP level 1. HP: 19/19 MP: 0/0
   232 | D:1      | Reached XP level 2. HP: 27/27 MP: 1/1
   263 | D:1      | Reached skill level 4 in Axes
   586 | D:1      | Reached XP level 3. HP: 25/33 MP: 2/2
  1233 | D:2      | Found a shimmering altar of Xom.
  1364 | D:2      | Reached ** piety under Trog
  1869 | D:3      | Found a white marble altar of Elyvilon.
  1989 | D:3      | Found a shimmering altar of Xom.
  2001 | D:3      | Reached XP level 4. HP: 40/40 MP: 3/3
  2010 | D:3      | Found a shadowy altar of Dithmenos.
  2093 | D:3      | Reached skill level 5 in Axes
  2702 | D:4      | Noticed a scorpion
  2708 | D:4      | Killed a scorpion
  2709 | D:4      | Reached XP level 5. HP: 47/47 MP: 4/4
  2986 | D:4      | Reached skill level 6 in Axes
  3142 | D:4      | Noticed a black bear
  3155 | D:4      | Killed a black bear
  3156 | D:4      | Reached skill level 5 in Fighting
  3156 | D:4      | Reached XP level 6. HP: 56/56 MP: 5/5
  3724 | D:5      | Entered Level 5 of the Dungeon
  3732 | D:5      | Reached skill level 7 in Axes
  3827 | D:5      | Reached XP level 7. HP: 38/61 MP: 6/6
  3883 | D:5      | Found a staircase to the Ecumenical Temple.
  3952 | D:5      | Reached skill level 8 in Axes
  3952 | D:5      | Reached skill level 5 in Dodging
  4180 | D:5      | Reached skill level 9 in Axes
  4427 | Temple   | Entered the Ecumenical Temple
  4603 | D:6      | Reached skill level 10 in Axes
  4603 | D:6      | Reached XP level 8. HP: 61/68 MP: 7/7
  4656 | D:6      | Identified the staff of Gin and Tonic {rElec rPois Will+
                  | Str+2 Poison}
  4679 | D:6      | Found a hide-covered altar of Uskayaw.
  4805 | D:6      | Reached skill level 11 in Axes
  4999 | D:6      | Noticed Blork the orc
  5008 | D:6      | Killed Blork the orc
  5279 | D:6      | Reached *** piety under Trog
  5443 | D:7      | Reached skill level 12 in Axes
  5667 | D:7      | Found a sacrificial altar of Ru.
  5761 | D:7      | Found a stormy altar of Qazlal.
  5763 | D:7      | Identified the +0 robe "Duraru" {-Cast Rampage rF+++ Int-4}
  5782 | D:7      | Reached XP level 9. HP: 67/74 MP: 8/8
  5853 | D:7      | Reached skill level 13 in Axes
  6016 | D:7      | Reached skill level 14 in Axes
  6388 | D:8      | Reached skill level 15 in Axes
  6431 | D:8      | Found Ygaurob's Distillery.
  6543 | D:8      | Noticed a cyclops
  6562 | D:8      | Killed a cyclops
  6633 | D:8      | Reached skill level 16 in Axes
  6666 | D:8      | Reached XP level 10. HP: 75/80 MP: 9/9
  6683 | D:8      | Noticed a two-headed ogre
  6696 | D:8      | Killed a two-headed ogre
  6922 | D:8      | Reached **** piety under Trog
  6957 | D:8      | Found Sobou's Serpentskin Sales.
  7180 | D:9      | Reached skill level 5 in Armour
  7277 | D:9      | Found a staircase to the Orcish Mines.
  7323 | D:9      | HP: 1/126 [something (6)]
  7325 | D:9      | Slain by a vampire

Illustrated notes

Levels and vault maps discovered:
D:1:      saegor_arrival_miasma, layout_loops_cross
D:2:      layout_basic, basic_altar
D:3:      layout_basic, nicolae_dithmenos_through_a_glass_darkly,
          xom_butterflies, elyvilon_altar_1
D:4:      layout_loops_corners
D:5:      layout_cave_pools, minmay_temple_entry_crystal_x
D:6:      layout_loops_corners, mainiacjoe_overflow_catwalk, uniq_blork_the_orc
D:7:      layout_basic, old_standard_altar, nicolae_ru_great_annihilating_truth
D:8:      layout_loops_ring, nicolae_take_the_stairs, guppyfry_shop_venom
D:9:      layout_roguey, nicolae_hepliaklqana_monster_ancestors, orc_0_dummy
Temple:   dpeg_chambers_temple

Skill      XL: |  1  2  3  4  5  6  7  8  9 10 |
---------------+-------------------------------+-----
Axes           | 4 5 6 7 10 12 16 | 16.0
Fighting       | 4 5 6 |  6.5
Armour         | 3 5 |  5.1
Dodging        | 3 4 5 |  5.0

Action                     |  1- 3 |  4- 6 |  7- 9 | 10-12 || total
---------------------------+-------+-------+-------+-------++-------
  Melee: Hand axe          |    82 |    98 |    30 |       ||   210
         Headbutt          |    17 |    15 |    47 |     7 ||    86
         War axe           |       |       |   199 |    59 ||   258
         Punch             |       |       |     3 |     2 ||     5
 Invoke: Berserk           |     1 |     2 |     2 |     2 ||     7
         Trog's Hand       |       |     1 |     1 |       ||     2
    Use: Scroll            |       |       |    11 |       ||    11
   Stab: Sleeping          |     1 |       |       |       ||     1
         Paralysed         |       |       |     1 |       ||     1
 Armour: Animal skin       |    28 |       |       |       ||    28
         Ring mail         |    16 |     7 |       |       ||    23
         Chain mail        |       |    96 |   140 |     4 ||   240
         Scale mail        |       |       |       |    35 ||    35
  Dodge: Dodged            |    47 |    70 |   111 |    20 ||   248

Table legend: (Time is in decaauts)
 A = Elapsed time spent in this place.
 B = Non-inter-level travel time spent in this place.
 C = Inter-level travel time spent in this place.
 D = Time resting spent in this place.
 E = Time spent auto-exploring this place.
 F = Levels seen in this place.
 G = Mean time per level.
                   A        B        C        D        E       F      G
               +--------+--------+--------+--------+--------+-----+--------+
         Total |   7334 |   6899 |    435 |    540 |   5298 |  10 |  733.4 |
       Dungeon |   7332 |   6897 |    435 |    540 |   5298 |   9 |  814.7 |
        Temple |      1 |      1 |      0 |      0 |      0 |   1 |    1.0 |
               +--------+--------+--------+--------+--------+-----+--------+

Top non-repeatable levels by time:
     D:4: 1301 daAuts
     D:1: 1045 daAuts
     D:7: 968 daAuts
     D:6: 858 daAuts
     D:2: 829 daAuts
     D:5: 816 daAuts
     D:8: 782 daAuts
     D:3: 583 daAuts
     D:9: 146 daAuts
  Temple: 1 daAuts
